 Dungeon Crawl Stone Soup version 0.24-a0-139-geb6712d (webtiles) character file.

Game seed: 0

3617 Gorice the Basher (level 9, -2/79 HPs)
             Began as a Minotaur Wanderer on Mar 3, 2019.
             Was a Priest of the Shining One.
             Shot with a bolt by an orc warlord (20 damage)
             ... in a bailey.
             The game lasted 00:58:42 (8363 turns).

Gorice the Basher (Minotaur Wanderer)               Turns: 8363, Time: 00:58:43

Health: -2/79      AC: 16    Str: 19    XL:     9   Next: 86%
Magic:  17/17      EV:  7    Int:  8    God:    the Shining One [***...]
Gold:   239        SH:  0    Dex: 12    Spells: 8/8 levels left

rFire    . . .     SeeInvis .   B - +0 blowgun
rCold    . . .     Gourm    .   (no shield)
rNeg     + . .     Faith    .   I - +0 plate armour
rPois    +         Spirit   .   u - +1 hat
rElec    .         Reflect  .   r - +0 cloak
rCorr    .         Harm     .   (no gloves)
MR       .....                  (no boots)
Stlth    ..........             (no amulet)
HPRegen  0.23/turn              y - ring of magical power
MPRegen  0.15/turn              p - ring of Yesterday {rPois Slay+2}

@: hasted, glowing, very quick
A: retaliatory headbutt, horns 2
a: Divine Shield, Renounce Religion


You were in a bailey.
You worshipped the Shining One.
The Shining One was most pleased with you.
You were not hungry.

You visited 2 branches of the dungeon, and saw 8 of its levels.
You also visited: Ossuary and Bailey.

You collected 457 gold pieces.
You spent 218 gold pieces at shops.

Inventory:

Hand Weapons
 a - a +0 quarterstaff of speed
   (You found it on level 2 of the Dungeon)
 A - the +5 morningstar of Suicidal Tendencies {venom, Dex+3 SInv}
   (You bought it in a shop on level 4 of the Dungeon)

   It poisons the flesh of those it strikes.
   It affects your dexterity (+3).
   It lets you see invisible.
 B - a +0 blowgun (weapon)
Missiles
 d - 14 poisoned needles
 f - 5 needles of confusion
 h - 4 needles of sleeping
 x - 3 curare-tipped needles (quivered)
 D - 13 tomahawks
 F - 8 javelins
 H - 2 steel tomahawks
 Y - 191 stones
 Z - a throwing net {!f}
Armour
 r - a +0 cloak (worn)
 u - a +1 hat (worn)
 I - a +0 plate armour (worn)
Jewellery
 p - the ring of Yesterday (right hand) {rPois Slay+2}
   (You found it on level 6 of the Dungeon)

   [ring of poison resistance]

   It affects your accuracy and damage with ranged weapons and melee attacks
   (+2).
   It protects you from poison.
 y - a ring of magical power (left hand)
Wands
 m - a wand of iceblast (4)
Scrolls
 j - 7 scrolls of teleportation {!r}
 k - 5 scrolls of blinking
 n - a scroll of enchant armour
 v - 4 scrolls of fog
 w - 2 scrolls of acquirement {unknown}
 J - a scroll of remove curse
Potions
 b - a potion of lignification {!q}
 c - 7 potions of curing
 e - 2 potions of agility {!q}
 i - 3 potions of flight
 l - 2 potions of brilliance {!q}
 o - 2 potions of resistance {!q}
 q - a potion of might {!q}
 s - a potion of magic {!q}
 t - a potion of berserk rage
 z - 4 potions of cancellation {!q}
 C - 2 potions of heal wounds {!q}
Comestibles
 g - 15 rations


   Skills:
 - Level 7.3 Fighting
 * Level 11.5 Maces & Flails
   Level 2.1 Crossbows
 - Level 1.0 Throwing
 + Level 9.6 Armour
 - Level 1.1 Dodging
 - Level 1.0 Stealth
   Level 1.2 Shields
 - Level 3.2 Unarmed Combat


You had 8 spell levels left.
You didn't know any spells.
Your spell library contained the following spells:

 Spells                   Type           Power        Failure   Level  Hunger
 Magic Dart               Conj           #...         100%        1    ##.....
 Sandblast                Erth           #.....       100%        1    ##.....
 Blink                    Tloc           N/A          100%        2    ###....
 Call Imp                 Summ           #.......     100%        2    ###....
 Passwall                 Tmut/Erth      #.......     100%        2    ###....
 Slow                     Hex            #.......     100%        2    ###....
 Conjure Flame            Conj/Fire      #.......     100%        3    ####...
 Mephitic Cloud           Conj/Pois/Air  #.......     100%        3    ####...
 Stone Arrow              Conj/Erth      #.....       100%        3    ####...
 Petrify                  Tmut/Erth      #.......     100%        4    #####..
 Lee's Rapid Deconstruct  Erth           #.........   100%        5    ######.


Dungeon Overview and Level Annotations

Branches:
Dungeon (7/15)             Temple (1/1) D:4

Altars:
Ashenzari
Cheibriados
Dithmenos
Fedhas
Gozag
Hepliaklqana
Kikubaaqudgha
Makhleb
Nemelex Xobeh
Okawaru
Qazlal
Ru
Sif Muna
Trog
Uskayaw
Vehumet
Wu Jian
Xom
Yredelemnul
Zin
The Shining One

Shops:
D:4 [[(!


Innate Abilities, Weirdness & Mutations

You reflexively headbutt those who attack you in melee.
You have a pair of horns on your head.


Message History

You eat one of the 2 chunks of flesh.
This raw flesh tastes terrible.
You are feeling hungry.
Eat a chunk of flesh? (ye/n/q)
You eat the chunk of flesh.
This raw flesh tastes terrible.
You see here a bolt.
There is an open door, spattered with blood here.
Items here: ))))))) [[[[[[[ The orc warlord shouts!
The orc warlord shoots a bolt.
The bolt hits you!
You see here a bolt.
Damage: 9 (max 9)
There is an open door, spattered with blood here.
Items here: ))))))) [[[[[[[ You see here a bolt.
Really quaff
G - a potion of haste {!q}?
You feel yourself speed up.
The orc warlord shoots a bolt.
The bolt hits you!!
Items here: ( )) [[ a bolt; a cursed -3 hand axe; a +0 leather armour; a +0 hand axe a +0 leather armour; Damage: 27 (max 27) Throwing (i - inventory. (/) - cycle)
D - 15 tomahawks (quivered)
Press: ? - help, Shift-Dir - straight line, f - orc warlord
Aim: an orc warlord, wielding a +0 arbalest and wearing a +0 chain mail of poison resistance You throw a tomahawk.
The tomahawk hits the orc warlord.
The orc warlord is lightly wounded.
Throwing (i - inventory. (/) - cycle)
D - 14 tomahawks (quivered)
Press: ? - help, Shift-Dir - straight line, f/p - orc warlord
Aim: an orc warlord, wielding a +0 arbalest and wearing a +0 chain mail of poison resistance (lightly wounded)
You throw a tomahawk.
The tomahawk hits the orc warlord but does no damage.
The orc warlord is lightly wounded.
The orc warlord shoots a bolt.
The bolt hits you!!
* * * LOW HITPOINT WARNING * * *
Damage: 27 (max 27) Unknown command.
Wield which item (- for none, * to show all)? (? for menu, Esc to quit)
The +5 morningstar of Suicidal Tendencies {venom, Dex+3 SInv} stops dripping with poison.
B - a +0 blowgun (weapon)
Firing (i - inventory. (/) - cycle)
x - 5 curare-tipped needles (quivered)
Press: ? - help, Shift-Dir - straight line, f/p - orc warlord
Aim: an orc warlord, wielding a +0 arbalest and wearing a +0 chain mail of poison resistance You shoot a curare-tipped needle.
The curare-tipped needle hits the orc warlord.
Firing (i - inventory. (/) - cycle)
x - 4 curare-tipped needles (quivered)
Press: ? - help, Shift-Dir - straight line, f/p - orc warlord
Aim: an orc warlord, wielding a +0 arbalest and wearing a +0 chain mail of poison resistance You shoot a curare-tipped needle.
The curare-tipped needle hits the orc warlord.
The orc warlord shoots a bolt.
The bolt hits you!!
You die...

..##.....##...o.....##
...#######.....⌠.....#
..##.....##....o....##
..#[......#.........#
.##.......##.......##
.#.........#..(....#
##.........##...))##
#...........####)##
##.........##..(@.##
.#.........#.......#
.##.......##.......##
..#.......#...).....#
..###..)###.........##
...###'###.....⌠.....#
..##88.88##.........##
..#.......#.........#
.##.......##[......##


You could see an orc warlord.

Vanquished Creatures
  2 orc knights (Bailey)
  Sigmund (D:3)
  A phantom (D:6)
  10 orc warriors
  3 ogres
  Blork the orc (D:4)
  3 bullfrogs
  A hound (D:7)
  A jelly (D:6)
  7 orc priests
  Crazy Yiuf (D:3)
  6 worker ants
  2 iguanas
  2 orc wizards
  4 big kobold zombies (Ossuary)
  2 mummies (Ossuary)
  Robin (D:3)
  10 gnolls (Bailey)
  5 adders
  An ooze (D:1)
  2 adder skeletons (D:5)
  5 adder zombies
  5 worms
  3 dart slugs
  3 leopard geckos
  33 orcs
  13 bats
  2 giant cockroaches
  32 goblins
  18 hobgoblins
  5 jackals
  5 quokkas
  A ball python (D:1)
  6 frilled lizards
  2 gnoll zombies (Ossuary)
  6 hobgoblin zombies (Ossuary)
  9 kobolds
  4 kobold zombies (Ossuary)
  3 orc zombies (Ossuary)
  A quokka skeleton (D:4)
  13 rats
  A fungus (D:3)
236 creatures vanquished.

Notes
Turn   | Place    | Note
-------+----------+-------------------------------------------
     0 | D:1      | Gorice the Minotaur Wanderer began the quest for the Orb.
     0 | D:1      | Gorice set off with the following items: a +2 dagger, a
                  | potion of berserk rage, a potion of curing, 10 poisoned
                  | needles, a +0 blowgun, a +0 robe, a ration
     0 | D:1      | Reached XP level 1. HP: 16/16 MP: 0/0
   111 | D:1      | Reached skill level 2 in Fighting
   153 | D:1      | Reached XP level 2. HP: 20/25 MP: 1/1
   362 | D:1      | Reached skill level 3 in Fighting
   731 | D:1      | Reached XP level 3. HP: 30/33 MP: 2/2
   739 | D:1      | Reached skill level 4 in Fighting
  1023 | D:2      | Found a snail-covered altar of Cheibriados.
  1395 | D:2      | Reached XP level 4. HP: 38/41 MP: 3/3
  1482 | D:2      | Reached skill level 5 in Fighting
  2326 | D:3      | Reached skill level 1 in Armour
  2350 | D:3      | Noticed Robin
  2354 | D:3      | Killed Robin
  2356 | D:3      | Reached XP level 5. HP: 49/49 MP: 4/4
  2534 | D:3      | Noticed Sigmund
  2549 | D:3      | Killed Sigmund
  2549 | D:3      | Reached skill level 6 in Fighting
  2549 | D:3      | Reached skill level 3 in Armour
  2549 | D:3      | Reached XP level 6. HP: 41/58 MP: 5/5
  2741 | D:3      | Found a runed translucent door.
  2742 | D:3      | Noticed Crazy Yiuf
  2753 | D:3      | Killed Crazy Yiuf
  2851 | D:4      | Found Viwuivecs's Antique Weapon Shoppe.
  2892 | D:4      | Found a staircase to the Ecumenical Temple.
  2960 | Temple   | Entered the Ecumenical Temple
  3139 | Temple   | Gorice: !?god
  3139 | Temple   | Gorice: ?beem
  3178 | Temple   | Became a worshipper of the Shining One
  3261 | D:4      | Noticed Blork the orc
  3273 | D:4      | Killed Blork the orc
  3273 | D:4      | Reached skill level 7 in Fighting
  3273 | D:4      | Reached skill level 4 in Armour
  3415 | D:4      | Found Gufehe Fute's Antique Armour Boutique.
  3468 | D:4      | Found Qiotemp's Armour Shoppe.
  3507 | D:4      | Found an iron altar of Okawaru.
  3577 | D:4      | Found Sedghuq's Armour Shoppe.
  3714 | D:4      | Reached XP level 7. HP: 66/66 MP: 6/6
  3727 | D:4      | Bought a crude morningstar for 153 gold pieces
  3728 | D:4      | Identified the +5 morningstar of Suicidal Tendencies
                  | {venom, Dex+3 SInv} (You bought it in a shop on level 4 of
                  | the Dungeon)
  3968 | D:4      | Found Illupp's Distillery.
  4221 | D:5      | Entered Level 5 of the Dungeon
  4280 | D:5      | Found a sparkling altar of Nemelex Xobeh.
  4287 | D:5      | Reached skill level 1 in Maces & Flails
  4307 | D:5      | Reached skill level 5 in Armour
  4313 | D:5      | Reached skill level 2 in Maces & Flails
  4367 | D:5      | Found a sand-covered staircase.
  4405 | Ossuary  | Entered an ossuary
  4407 | Ossuary  | Reached * piety under the Shining One
  4447 | Ossuary  | Reached skill level 3 in Maces & Flails
  4455 | Ossuary  | Reached ** piety under the Shining One
  4821 | D:5      | Reached skill level 4 in Maces & Flails
  4894 | D:5      | Reached *** piety under the Shining One
  5362 | D:5      | Reached skill level 5 in Maces & Flails
  5362 | D:5      | Reached skill level 6 in Armour
  5405 | D:6      | Reached XP level 8. HP: 73/73 MP: 7/7
  5774 | D:6      | Reached skill level 6 in Maces & Flails
  5937 | D:6      | Reached skill level 7 in Maces & Flails
  5937 | D:6      | Reached skill level 7 in Armour
  6013 | D:6      | HP: 21/73 [orc warrior/+0 halberd (11)]
  6422 | D:6      | Got a heavily runed iron ring
  6423 | D:6      | Identified the ring of Yesterday {rPois Slay+2} (You found
                  | it on level 6 of the Dungeon)
  6604 | D:4      | Bought a potion of heal wounds for 65 gold pieces
  6703 | D:7      | Reached skill level 8 in Maces & Flails
  6859 | D:7      | Found a flagged portal.
  6890 | Bailey   | Entered a bailey
  7185 | Bailey   | Reached XP level 9. HP: 74/79 MP: 8/8
  7219 | Bailey   | Noticed an orc knight
  7234 | Bailey   | Reached skill level 9 in Maces & Flails
  7234 | Bailey   | Reached skill level 8 in Armour
  7247 | Bailey   | Killed an orc knight
  7247 | Bailey   | Reached skill level 10 in Maces & Flails
  7496 | Bailey   | Reached skill level 9 in Armour
  7632 | Bailey   | Noticed an orc knight
  7778 | Bailey   | Killed an orc knight
  7778 | Bailey   | Reached skill level 11 in Maces & Flails
  8049 | Bailey   | Identified the +2 robe of Gehenna {*Contam MR+ Int+3}
  8050 | Bailey   | Noticed an orc warlord
  8360 | Bailey   | HP: 18/79 [orc warlord/bolt (27)]
  8363 | Bailey   | Shot with a bolt by an orc warlord

Levels and vault maps discovered:
D:1:      psy_arrival_spokes, layout_basic
D:2:      layout_basic, fountainhead, cheibriados_altar_1
D:3:      layout_loops_cross, chequers_garden, uniq_sigmund, uniq_robin,
          uniq_crazy_yiuf_cottage
D:4:      layout_gridville, minmay_temple_entry_gardened_gates,
          serial_co_window_serial, co_window_corner_a, co_window_paths_b,
          co_window_of_opportunity_a, co_window_paths_a,
          co_window_of_opportunity_a, co_window_paths_a, co_window_corner_a,
          co_window_2corner, co_window_cross_2, co_window_unsneaky_path_d,
          co_window_broadway_b, glass_columns_a, glass_columns_a, serial_shops,
          nicolae_shop_trees, shop_statue, shop, kennysheep_mini_moat, shop,
          okawaru_gym_becter, uniq_blork_the_orc
D:5:      layout_loops_ring, enter_ossuary_1, first_ration, lemuel_tele_altar
D:6:      layout_cave_pools, minmay_liquid_box
D:7:      layout_cave_pools, enter_bailey_6, kennysheep_nub
Temple:   minmay_crystal_snake_temple
Ossuary:  ossuary_tomb_2
Bailey:   bailey_axe_minmay_hex_keep, bailey

Skill      XL: |  1  2  3  4  5  6  7  8  9 |
---------------+----------------------------+-----
Fighting       | 2 3 4 5 6 7 |  7.3
Armour         | 1 3 4 6 7 9 |  9.6
Maces & Flails | 5 8 11 | 11.5
Crossbows      | |  2.1
Throwing       | |  1.0
Dodging        | |  1.1
Stealth        | |  1.0
Shields        | |  1.2
Unarmed Combat | |  3.2

Action                   |  1- 3 |  4- 6 |  7- 9 || total
-------------------------+-------+-------+-------++-------
Melee: Dagger            |    87 |       |       ||    87
       Headbutt          |    11 |    22 |    65 ||    98
       Quarterstaff      |     5 |   148 |   279 ||   432
       Punch             |     1 |       |     1 ||     2
       Morningstar       |       |       |    65 ||    65
 Fire: Blowgun           |     2 |     7 |    32 ||    41
Throw: Tomahawk          |       |     1 |     9 ||    10
Invok: Divine Shield     |       |       |     1 ||     1
Evoke: Wand              |       |       |     2 ||     2
  Use: Scroll            |     5 |     6 |    11 ||    22
       Potion            |       |       |     1 ||     1
 Stab: Sleeping          |     2 |     2 |       ||     4
  Eat: Chunk             |     1 |     8 |    15 ||    24
Armor: Robe              |    22 |    12 |       ||    34
       Chain mail        |       |    47 |    77 ||   124
       Plate armour      |       |       |    30 ||    30
Dodge: Dodged            |    65 |    62 |    88 ||   215

Table legend:
 A = Non-vault XP
 B = Vault XP
 C = Vault XP percentage of total XP
 D = Non-vault monster count
 E = Vault monster count
 F = Vault count percentage of total count
                 A         B        C        D         E       F
            +---------+---------+-------+---------+---------+-------
      Total |    2019 |    3149 |  60.9 |     131 |     104 |  44.3
            +---------+---------+-------+---------+---------+-------
        D:1 |      57 |       0 |   0.0 |      27 |       0 |   0.0
        D:2 |      66 |       0 |   0.0 |      23 |       0 |   0.0
        D:3 |      49 |     313 |  86.5 |      22 |      11 |  33.3
        D:4 |     173 |      96 |  35.7 |      11 |       1 |   8.3
        D:5 |     614 |       0 |   0.0 |      21 |       0 |   0.0
        D:6 |     839 |       0 |   0.0 |      18 |       0 |   0.0
        D:7 |     221 |       0 |   0.0 |       9 |       0 |   0.0
    Ossuary |       0 |     175 | 100.0 |       0 |      25 | 100.0
     Bailey |       0 |    2565 | 100.0 |       0 |      67 | 100.0
            +---------+---------+-------+---------+---------+-------

Table legend:
 A = Turns spent in this place as a percentage of turns spent in the entire game.
 B = Non-inter-level travel turns spent in this place as a percentage of non-inter-level travel turns spent in the entire game.
 C = Inter-level travel turns spent in this place as a percentage of turns spent in this place.
 D = Turns resting spent in this place as a percentage of non-inter-level travel turns spent in this place.
 E = Turns spent auto-exploring this place as a percentage of non-inter-level travel turns spent in this place.
 F = Non-inter-level travel turns spent in this place divided by the number of levels of this place that you've seen.
                   A       B       C       D       E      F
               +-------+-------+-------+-------+-------+----------------------
         Total | 100.0 | 100.0 |   6.0 |  24.0 |  37.7 | 786.0
       Dungeon |  76.5 |  76.1 |   6.5 |  17.8 |  46.2 | 854.3
        Temple |   3.2 |   2.3 |  31.7 |   0.0 |  98.3 | 181.0
       Ossuary |   2.7 |   2.9 |   0.0 |  23.9 |   0.0 | 226.0
        Bailey |  17.6 |  18.7 |   0.0 |  52.3 |   1.6 | 1473.0
               +-------+-------+-------+-------+-------+----------------------

Levels and vault maps discovered:
D:1:      psy_arrival_spokes, layout_basic
D:2:      layout_basic, fountainhead, cheibriados_altar_1
D:3:      layout_loops_cross, chequers_garden, uniq_sigmund, uniq_robin,
          uniq_crazy_yiuf_cottage
D:4:      layout_gridville, minmay_temple_entry_gardened_gates,
          serial_co_window_serial, co_window_corner_a, co_window_paths_b,
          co_window_of_opportunity_a, co_window_paths_a,
          co_window_of_opportunity_a, co_window_paths_a, co_window_corner_a,
          co_window_2corner, co_window_cross_2, co_window_unsneaky_path_d,
          co_window_broadway_b, glass_columns_a, glass_columns_a, serial_shops,
          nicolae_shop_trees, shop_statue, shop, kennysheep_mini_moat, shop,
          okawaru_gym_becter, uniq_blork_the_orc
D:5:      layout_loops_ring, enter_ossuary_1, first_ration, lemuel_tele_altar
D:6:      layout_cave_pools, minmay_liquid_box
D:7:      layout_cave_pools, enter_bailey_6, kennysheep_nub
Temple:   minmay_crystal_snake_temple
Ossuary:  ossuary_tomb_2
Bailey:   bailey_axe_minmay_hex_keep, bailey
